 Dungeon Crawl Stone Soup version 0.20-a0-959-gdc9e609 (webtiles) character file.

1845 krabocopter the Fighter (level 9, -4/74 HPs)
             Began as a Human Gladiator on Apr 5, 2017.
             Was a Follower of Ashenzari.
             Slain by an ogre
             ... wielding a +0 giant club
              (13 damage)
             ... on level 7 of the Dungeon on Apr 6, 2017.
             The game lasted 00:17:35 (6393 turns).

krabocopter the Fighter (Human Gladiator)           Turns: 6393, Time: 00:17:36

Health: -4/74      AC:  8    Str: 16    XL:     9   Next: 34%
Magic:  9/9        EV: 12    Int: 12    God:    Ashenzari [*.....]
Gold:   295        SH:  6    Dex: 17    Spells: 8/8 levels left

rFire    . . .     SeeInvis .   p - +0 mace (drain)
rCold    + . .     Gourm    .   G - +0 buckler
rNeg     . . .     Faith    .   c - +0 ring mail {rC+}
rPois    .         Spirit   .   y - +0 helmet
rElec    .         Reflect  .   (no cloak)
rCorr    .         Harm     +   (no gloves)
MR       .....                  A - +0 pair of boots
Stlth    +.........             w - amulet of harm
Regen    0.3/turn               (no ring)
MPRegen  0.2/turn               D - ring of flight

@: no status effects
A: agile 1, clever 1
a: Curse Item, Scrying, Renounce Religion, Evoke Flight


You were on level 7 of the Dungeon.
You worshipped Ashenzari.
Ashenzari was aware of your devotion.
You were not hungry.

You visited 1 branch of the dungeon, and saw 7 of its levels.

You collected 295 gold pieces.

Inventory:

Hand Weapons
 a - a +0 longbow of velocity
 p - a +0 mace of draining (weapon)
 F - a +0 mace of holy wrath
Missiles
 d - 3 throwing nets (quivered)
Armour
 c - a +0 ring mail of cold resistance (worn)
 e - a +0 shield
 s - a +0 scale mail of fire resistance
 y - a +0 helmet (worn)
 A - a +0 pair of boots (worn)
 G - a +0 buckler (worn)
Jewellery
 r - an uncursed amulet of the gourmand
 w - an amulet of harm (around neck)
 z - an uncursed ring of fire
 D - a ring of flight (right hand)
Wands
 x - a wand of lightning (6/15)
 B - a wand of paralysis (8/24)
 E - a wand of random effects (17/48)
Scrolls
 b - a scroll of blinking {unknown}
 g - 9 scrolls of identify
 i - 2 scrolls of magic mapping
 k - a scroll of amnesia
 m - a scroll of immolation {unknown}
 n - a scroll of fear
 o - 6 scrolls of remove curse
 q - 3 scrolls of recharging
 t - a scroll of teleportation {unknown}
 u - a scroll of enchant weapon {unknown}
 C - a scroll of enchant armour {unknown}
Potions
 j - 3 potions of magic
 l - 4 potions of curing
Comestibles
 f - 3 bread rations
 h - 7 meat rations
 v - 5 fruits


   Skills:
 + Level 8.1 Fighting
 - Level 5.6 Maces & Flails
 - Level 2.0 Throwing
 + Level 4.2 Armour
 - Level 3.0 Dodging
 - Level 5.1 Shields


You had 8 spell levels left.
You didn't know any spells.

Dungeon Overview and Level Annotations

Branches:
Dungeon (7/15)             Temple (0/1) D:4

Altars:
Ashenzari
Kikubaaqudgha
Qazlal
Yredelemnul


Innate Abilities, Weirdness & Mutations

You are agile. (Dex +2)
Your mind is acute. (Int +2)


Message History

Found a human skeleton.
You take 4 damage, and have 70/74 hp.
You closely miss the ogre. The ogre hits you with a giant club!!
You take 31 damage, and have 39/74 hp.
MASSIVE DAMAGE!!
You hit the ogre. The ogre hits you with a giant club!
You take 9 damage, and have 30/74 hp.
You are too injured to fight recklessly!
You are too injured to fight recklessly!
You barely miss the ogre. The ogre hits you with a giant club!
* * * LOW HITPOINT WARNING * * *
You take 9 damage, and have 21/74 hp.
You hit the ogre. You hit the ogre. You drain the ogre!
The ogre hits you with a giant club!
* * * LOW HITPOINT WARNING * * *
You take 10 damage, and have 11/74 hp.
You closely miss the ogre. The ogre hits you with a giant club.
* * * LOW HITPOINT WARNING * * *
You take 2 damage, and have 9/74 hp.
You barely miss the ogre. The ogre misses you.
You thump the ogre! You drain the ogre! The ogre hits you with a giant club!
You die...

## ÷# ÷#
.# ##. #O#
##@# ##.##
#####
##.÷.##
....###
#.....#
#......
.....###.#
.....#
##### #.#
.....##
#.#
......# #
#.#
......#.#
#.###


You could see an ogre.

Vanquished Creatures
  A yak (D:5)
  Menkaure (D:6)
  An orc warrior (D:7)
  An ogre (D:5)
  A sky beast (D:6)
  2 phantoms
  Blork the orc (D:6)
  3 bullfrogs
  2 scorpions
  4 howler monkeys
  5 crimson imps
  A bullfrog skeleton (D:5)
  2 orc wizards
  A centaur skeleton (D:4)
  Terence (D:2)
  An iguana (D:4)
  3 worker ants
  A hound skeleton (D:7)
  A worker ant zombie (D:6)
  4 adders
  A shadow imp (D:6)
  3 oozes
  3 worms
  A dart slug (D:1)
  6 leopard geckos
  22 orcs
  A bat zombie (D:7)
  3 giant cockroaches
  5 goblins
  9 hobgoblins
  18 jackals
  2 quokkas
  8 bats
  4 frilled lizards
  4 kobolds
  3 quokka skeletons
  2 quokka zombies
  6 rats
  3 rat zombies (D:7)
141 creatures vanquished.

Notes
Turn   | Place    | Note
-------+----------+-------------------------------------------
     0 | D:1      | krabocopter the Human Gladiator began the quest for the Orb.
     0 | D:1      | Reached XP level 1. HP: 16/16 MP: 1/1
    72 | D:1      | Reached XP level 2. HP: 18/22 MP: 2/2
   226 | D:1      | Reached XP level 3. HP: 23/27 MP: 3/3
   771 | D:2      | Reached XP level 4. HP: 29/34 MP: 4/4
  1005 | D:2      | Found a basalt altar of Yredelemnul.
  1019 | D:2      | Noticed Terence
  1043 | D:2      | Killed Terence
  1043 | D:2      | Reached skill level 3 in Fighting
  1547 | D:3      | Found a stormy altar of Qazlal.
  1702 | D:3      | Reached XP level 5. HP: 10/41 MP: 5/5
  2142 | D:3      | Found a shattered altar of Ashenzari.
  2192 | D:3      | Became a worshipper of Ashenzari the Shackled
  2271 | D:3      | Reached skill level 5 in Maces & Flails
  2464 | D:4      | Found a staircase to the Ecumenical Temple.
  2494 | D:4      | Gained mutation: Your mind is acute. (Int +2) [potion of mutation]
  2494 | D:4      | Gained mutation: You are agile. (Dex +2) [potion of mutation]
  2497 | D:4      | Reached XP level 6. HP: 14/47 MP: 6/6
  2768 | D:4      | Noticed a yak
  2769 | D:4      | Noticed a yak
  2850 | D:3      | Upgraded the game from 0.20-a0-957-g47ad1fd to 0.20-a0-959-gdc9e609
  2853 | D:4      | Noticed an ogre
  3001 | D:4      | Reached skill level 1 in Shields
  3269 | D:4      | Noticed a phantom
  3373 | D:4      | Killed a phantom
  3373 | D:4      | Reached skill level 4 in Fighting
  3594 | D:4      | Noticed a yak
  3594 | D:4      | Noticed a yak
  3646 | D:5      | Entered Level 5 of the Dungeon
  3656 | D:5      | Killed a yak
  3656 | D:5      | Reached XP level 7. HP: 30/55 MP: 7/7
  3884 | D:5      | Reached skill level 5 in Fighting
  3940 | D:5      | Reached XP level 8. HP: 61/63 MP: 8/8
  4035 | D:5      | Reached * piety under Ashenzari
  4427 | D:6      | Noticed Menkaure
  4438 | D:6      | Killed Menkaure
  4438 | D:6      | Reached skill level 6 in Fighting
  4943 | D:6      | Reached skill level 5 in Shields
  5128 | D:6      | Reached skill level 1 in Armour
  5231 | D:6      | Noticed Blork the orc
  5231 | D:6      | Reached skill level 7 in Fighting
  5249 | D:6      | Killed Blork the orc
  5249 | D:6      | Reached XP level 9. HP: 8/72 MP: 9/9
  5938 | D:7      | Found an ancient bone altar of Kikubaaqudgha.
  6137 | D:7      | Reached skill level 8 in Fighting
  6393 | D:7      | Slain by an ogre

Vault maps used:
D:1:      minmay_arrival_four_loops
D:2:      overflow_temple_1_default, kennysheep_generic_room_5, uniq_terence
D:3:      grunt_qazlal_clouds, marbit_many_paths
D:4:      overflow_temple_1_default, minmay_temple_entry_trees, first_bread
D:6:      uniq_blork_the_orc, uniq_menkaure
D:7:      lemuel_zombie_altar_kikubaaqudgha, grunt_ogre_cave

Skill      XL: |  1  2  3  4  5  6  7  8  9 |
---------------+----------------------------+-----
Maces & Flails | 4 5 |  5.6
Fighting       | 3 4 5 7 8 |  8.1
Shields        | 3 4 5 |  5.1
Armour         | 2 4 |  4.2
Throwing       | |  2.0
Dodging        | |  3.0

Action                   |  1- 3 |  4- 6 |  7- 9 || total
-------------------------+-------+-------+-------++-------
Melee: Flail             |    87 |    96 |       ||   183
       Mace              |       |   138 |   256 ||   394
  Use: Scroll            |       |     5 |     3 ||     8
       Potion            |       |     4 |     1 ||     5
 Stab: Sleeping          |     1 |       |       ||     1
  Eat: Chunk             |       |     8 |     9 ||    17
       Fruit             |       |       |     2 ||     2
Armor: Leather armour    |    36 |     9 |       ||    45
       Scale mail        |       |    77 |    29 ||   106
       Ring mail         |       |       |    15 ||    15
Dodge: Dodged            |    78 |    87 |    75 ||   240
Block: Shield            |       |    67 |    79 ||   146
       Buckler           |       |       |    16 ||    16
